 Dungeon Crawl Stone Soup version 0.27.1-1-g398f81649c (webtiles) character file.

Game seed: 6666641279349597041

31 nxtlvl the Ruffian (level 3, 0/28 HPs)
             Began as a Minotaur Transmuter on Sept 19, 2021.
             Succumbed to an adder's poison
             ... on level 2 of the Dungeon.
             The game lasted 00:02:14 (313 turns).

nxtlvl the Ruffian (Minotaur Transmuter)             Turns: 313, Time: 00:02:14

Health: 0/28       AC:  6    Str: 15    XL:     3   Next: 7%
Magic:  4/4        EV: 10    Int: 10    God:
Gold:   52         SH:  0    Dex: 10    Spells: 3/4 levels left

rFire    . . .     SeeInvis .     - Unarmed
rCold    . . .     Faith    .   (no shield)
rNeg     . . .     Spirit   .   c - +0 ring mail
rPois    .         Reflect  .   (helmet restricted)
rElec    .         Harm     .   (no cloak)
rCorr    .         Rampage  .   a - +0 pair of gloves
Will     .....                  (no boots)
Stlth    ..........             (no amulet)
HPRegen  0.09/turn              (no ring)
MPRegen  0.09/turn              (no ring)

@: lethally poisoned (0 -> 0), attractive
A: horns 2, retaliatory headbutt
a: no special abilities


You were on level 2 of the Dungeon.
You visited 1 branch of the dungeon, and saw 3 of its levels.

You collected 52 gold pieces.

Inventory:

Armour
 a - a +0 pair of gloves (worn)
 c - a +0 ring mail (worn)
Scrolls
 b - a scroll of magic mapping {unknown}
 e - a scroll of enchant weapon {unknown}
 f - a scroll of identify {unknown}


   Skills:
 - Level 1.2 Fighting
 - Level 2.1 Dodging
 * Level 4.7 Unarmed Combat
 - Level 1.3 Spellcasting
 - Level 1.5 Transmutations


You had 3 spell levels left.
You knew the following spells:

 Your Spells              Type           Power      Damage    Failure   Level
a - Beastly Appendage     Tmut           6%         N/A       34%         1

Your spell library contained the following spells:

 Spells                   Type           Power      Damage    Failure   Level
 Wereblood                Tmut           3%         N/A       47%         2
 Spider Form              Tmut/Pois      1%         N/A       82%         3
 Ice Form                 Ice/Tmut       2%         N/A       99%         4


Dungeon Overview and Level Annotations

Branches:
Dungeon (3/15)

Altars:


Innate Abilities, Weirdness & Mutations

You have a pair of horns on your head.
You reflexively headbutt those who attack you in melee.


Message History

The rat closely misses you.
You barely miss the rat. You claw the rat. You punch the rat.
The rat is severely wounded.
The rat bites you.
You closely miss the rat. You claw the rat.
You kill the rat!
You closely miss the adder. The adder bites you.
You closely miss the adder. Your kick misses the adder.
Your headbutt misses the adder. The adder bites you but does no damage.
The adder barely misses you.
You closely miss the adder. Your kick misses the adder.
Your talons disappear.
The adder misses you. You furiously retaliate!
You headbutt the adder. You punch the adder! Your punch misses the adder.
The adder is almost dead.
The adder bites you.
You are poisoned.
The adder poisons you!
You closely miss the adder. Your headbutt misses the adder.
The adder is almost dead.
* * * LOW HITPOINT WARNING * * *
You feel sick. The adder bites you.
* * * LOW HITPOINT WARNING * * *
You hit the adder.
You kill the adder!
* * * LOW HITPOINT WARNING * * *
You feel sick.
You have reached level 3!
Your experience leads to an increase in your attributes!
Increase (S)trength, (I)ntelligence, or (D)exterity?
You feel stronger.
It was a potion of attraction.
You feel attractive to monsters.
* * * LOW HITPOINT WARNING * * *
You feel sick.
* * * LOW HITPOINT WARNING * * *
You feel sick.
* * * LOW HITPOINT WARNING * * *
You feel sick.
You die...

#.......#.. #
.#.......# # .
......#.#.#
#.#.......#.#
##.#.........#
..........#
#.......#
#..@.†..#
##....### #...###
#...# #..†# #...#
#...####### #
#.........#
..####...#####.##


There were no monsters in sight!

Vanquished Creatures
  An adder (D:2)
  A dart slug (D:1)
  3 endoplasms (D:1)
  A giant cockroach (D:1)
  A goblin (D:1)
  3 hobgoblins
  A kobold (D:1)
  2 quokkas (D:1)
  A ball python (D:1)
  A bat (D:1)
  2 frilled lizards
  2 rats (D:2)
19 creatures vanquished.

Notes
Turn   | Place    | Note
-------+----------+-------------------------------------------
     0 | D:1      | nxtlvl the Minotaur Transmuter began the quest for the Orb.
     0 | D:1      | Reached XP level 1. HP: 16/16 MP: 1/1
   100 | D:1      | Reached skill level 4 in Unarmed Combat
   100 | D:1      | Reached XP level 2. HP: 14/23 MP: 3/3
   310 | D:2      | Reached XP level 3. HP: 4/28 MP: 4/4
   312 | D:2      | HP: 1/28 [poisoned by an adder]
   313 | D:2      | Succumbed to an adder's poison

Illustrated notes

Levels and vault maps discovered:
D:1:      giann_forest_graveyard, layout_basic, chequers_serial_rivers_room_a
D:2:      layout_loops_cross, shapermc_ecumenical_altar_hornbeckon,
          kennysheep_generic_room_4, uniq_sigmund
D:3:      layout_basic, old_standard_altar, uniq_natasha, uniq_grinder,
          uniq_terence, uniq_purgy

Skill      XL: |  1 |
---------------+----+-----
Unarmed Combat | 4 |  4.7
Fighting       | |  1.2
Dodging        | |  2.1
Spellcasting   | |  1.3
Transmutations | |  1.5

Action                   || total
-------------------------++-------
Melee: Unarmed           ||    53
       Headbutt          ||     7
       Kick              ||     6
       Punch             ||     2
 Cast: Beastly Appendage ||     3
  Use: Potion            ||     1
Armor: Robe              ||     7
       Ring mail         ||     8
Dodge: Dodged            ||    27
